 Dungeon Crawl Stone Soup version 0.28-a0-1152-g9c71ebef14 (webtiles) character file.

Game seed: 14124758923151800771

5 spaghetti the Sneak (level 1, -1/18 HPs)
             Began as a Mummy Delver on Dec 14, 2021.
             Slain by a black bear (3 damage)
             ... on level 6 of the Dungeon.
             The game lasted 00:01:01 (432 turns).

spaghetti the Sneak (Mummy Delver)                   Turns: 432, Time: 00:01:02

Health: -1/18      AC:  3    Str: 15    XL:     1   Next: 66%
Magic:  1/1        EV: 11    Int:  9    God:
Gold:   0          SH:  0    Dex: 13    Spells: 0/0 levels left

rFire   x . .      SeeInvis .   a - +0 falchion {long}
rCold   + . .      Faith    .   (no shield)
rNeg    + + +      Spirit   .   b - +0 leather armour
rPois   ∞          Reflect  .   (no helmet)
rElec   .          Harm     .   (no cloak)
rCorr   .          Rampage  .   (no gloves)
Will    .....                   (no boots)
Stlth   +.........              (no amulet)
HPRegen 0.06/turn               (no ring)
MPRegen 0.07/turn               (no ring)

@: confused
A: cold resistance 1, negative energy resistance 3, torment resistance 2, heat
vulnerability 1, no potions
a: no special abilities


You were on level 6 of the Dungeon.
You visited 1 branch of the dungeon, and saw 3 of its levels.


Innate Abilities, Weirdness & Mutations

You are immune to poison.
Your flesh is cold resistant. (rC+)
You are immune to negative energy. (rN+++)
You are immune to unholy pain and torment.
You are vulnerable to heat. (rF-)
You do not drink.


   Skills:
 + Level 3.4 Fighting
 - Level 1.5 Long Blades
 - Level 1.5 Dodging
 - Level 4.1 Stealth


You couldn't memorise any spells.
You didn't know any spells.
Your spell library was empty.

Inventory:

Hand Weapons
 a - a +0 falchion (weapon) {long}
Missiles
 e - 19 bolts
Armour
 b - a +0 leather armour (worn)
Wands
 f - a wand of digging (2)
Scrolls
 d - a scroll of magic mapping {!r}

Dungeon Overview and Level Annotations

Branches:
Dungeon (6/15)
 Temple: D:4-7

Altars:
Gozag

Annotations:
D:4 Dowan; Duvessa
D:5 3 runed translucent doors, Redcow54321's ghost, weakling GnDe

##........[.####.....#...<#
... #<......#.....!##...##
#.##..............(......
##..#.#......##.........#.
#.....#.....##..........##
###....................##
###............##.....#
#.......o...<..##...###
..........@h....##...##
..................#...#
...#....###.#........##
######.###.####....### #.
#.# #..### ###.# #### ##


You could see a black bear and an orc priest.


Message History

Okay, then.
You slash the ufetubus!
You kill the ufetubus!
Unknown command.
You start resting. 😎 HP[+12]
Your hp is fully restored (18).
There is an opulent altar of Gozag here.
You kneel at the altar of Gozag.
Gozag does not accept service from beggars like you!
The service fee for joining is currently 28 gold; you have none.
Unknown command.
Press < or > to pray at altars.
(D) Dungeon
Where to? (Enter - D:5, ? - help)
The orc priest shouts!
You hear a shout!
There is a stone staircase leading up here.
Redcow54321's ghost laughs crazily.
You climb upwards.
There is a stone staircase leading down here.
Unknown command.
Unknown command.
Duvessa and Dowan come into view.
Duvessa is wielding a +0 short sword of venom.
Duvessa shouts!
Unknown command.
Dowan shouts!
Dowan gestures wildly while chanting.
Dowan blinks!
Unknown command.
Okay, then.
Okay, then.
You can't drink.
Dowan casts a spell at you. The puff of frost hits you. You resist. 😕 HP[-3]
You take 3 damage, and now have 15/18 hp.
Okay, then.
Dowan points at you and mumbles some strange words.
The puff of frost hits you. You resist. 😮 HP[-2]
You take 2 damage, and now have 13/18 hp.
As you read the scroll of fog, it crumbles to dust.
The scroll dissolves into smoke.
There is a stone staircase leading down here.
Dowan gestures wildly while chanting.
Dowan blinks!
You climb downwards.
Level annotation: 3 runed translucent doors, Redcow54321's ghost, weakling GnDe
There is a stone staircase leading up here.
Unknown command.
Unknown command.
Unknown command.
You start resting.
The iguana hisses angrily.
Redcow54321's ghost wails.
For a moment, you lose track of Redcow54321's ghost.
Redcow54321's ghost screams, "I'll kill anyone who wants the ORB!" 😎 HP[+5]
Your hp is fully restored (18).
An iguana is nearby!
Redcow54321's ghost lets out a mournful wail.
There is a stone staircase leading down here.
You climb downwards.
There is a stone staircase leading up here.
Unknown command.
Unknown command.
The orc wizard shouts!
The orc priest shouts!
You hear a shout!
The orc wizard mumbles some strange words.
The orc wizard flickers and vanishes!
Deactivating autopickup; reactivate with Ctrl-A.
The black bear growls angrily.
The black bear bites you! The black bear closely misses you.
The black bear barely misses you. 😮 HP[-7]
You take 7 damage, and now have 11/18 hp.
MASSIVE DAMAGE!! (PAUSE)
Okay, then.
You can't drink.
Aiming: Dig
Press: ? - help, Shift-Dir - straight line A rock wall.
The rock shatters into small pieces.
The black bear bites you!
* * * LOW HITPOINT WARNING * * *
The black bear closely misses you. The black bear misses you.
You hear some strange, mumbled words.
You are confused. 😱 HP[-8]
You take 8 damage, and now have 3/18 hp.
MASSIVE DAMAGE!! (PAUSE) Unknown command. 😱 HP[+1] Unknown command.
Unknown command.
You can't drink.
You are too confused!
You barely miss the orc priest. The orc priest hits you with a +0 club.
* * * LOW HITPOINT WARNING * * *
The black bear closely misses you. The black bear claws you.
You die...

Action                   || total
-------------------------++-------
Melee: Falchion          ||     4
Evoke: Wand              ||     1
  Use: Scroll            ||     3
Armor: Leather armour    ||     2
Dodge: Dodged            ||     9

Levels and vault maps discovered:
D:4:      layout_basic, uniq_duvessa
D:5:      layout_cave_pools, nicolae_vehumet_radiance,
          mainiacjoe_overflow_tiny_flanked, kennysheep_mini,
          gammafunk_ghost_split, serial_park_tiny_pond,
          chequers_serial_rivers_large_a
D:6:      layout_cave_pools

Notes
Turn   | Place    | Note
-------+----------+-------------------------------------------
     0 | D:5      | spaghetti the Mummy Delver began the quest for the Orb.
     0 | D:5      | Reached XP level 1. HP: 18/18 MP: 1/1
     0 | D:5      | magus.rc [v1.9.6]
     0 | D:5      | Found a runed translucent gate.
     0 | D:5      | Found a runed translucent gate.
     1 | D:5      | Noticed an orc wizard
     7 | D:6      | Noticed a black bear
    70 | D:5      | Found an opulent altar of Gozag.
    80 | D:5      | Noticed an iguana
   296 | D:5      | Found a runed translucent gate.
   300 | D:5      | Noticed an orc priest
   300 | D:5      | Noticed Redcow54321's ghost (weakling GnDe)
   302 | D:5      | Noticed an iguana
   315 | D:4      | Noticed Duvessa
   315 | D:4      | Noticed Dowan
   418 | D:6      | Noticed an orc wizard
   418 | D:6      | Noticed an orc wizard
   418 | D:6      | Noticed an orc priest
   430 | D:6      | HP: 3/18 [black bear (8)]
   432 | D:6      | Slain by a black bear

Vanquished Creatures
  An ufetubus (D:5)
1 creature vanquished.

Table legend:
 A = Non-vault XP
 B = Vault XP
 C = Vault XP percentage of total XP
 D = Non-vault monster count
 E = Vault monster count
 F = Vault count percentage of total count
                 A         B        C        D         E       F
            +---------+---------+-------+---------+---------+-------
      Total |       8 |       0 |   0.0 |       1 |       0 |   0.0
            +---------+---------+-------+---------+---------+-------
        D:5 |       8 |       0 |   0.0 |       1 |       0 |   0.0
            +---------+---------+-------+---------+---------+-------

Illustrated notes

Table legend:
 A = Kills in this place as a percentage of kills in entire the game.
 B = Kills by you in this place as a percentage of kills by you in the entire game.
 C = Kills by friends in this place as a percentage of kills by friends in the entire game.
 D = Other kills in this place as a percentage of other kills in the entire game.
 E = Experience gained in this place as a percentage of experience gained in the entire game.
 F = Experience gained in this place divided by the number of levels of this place that you have seen.
                   A       B       C       D       E      F
               +-------+-------+-------+-------+-------+----------------------
         Total | 100.0 | 100.0 |   N/A |   N/A | 100.0 |   2.7
       Dungeon | 100.0 | 100.0 |   N/A |   N/A | 100.0 |   2.7
               +-------+-------+-------+-------+-------+----------------------

Table legend: (Time is in decaauts)
 A = Elapsed time spent in this place.
 B = Non-inter-level travel time spent in this place.
 C = Inter-level travel time spent in this place.
 D = Time resting spent in this place.
 E = Time spent auto-exploring this place.
 F = Levels seen in this place.
 G = Mean time per level.
                   A        B        C        D        E       F      G
               +--------+--------+--------+--------+--------+-----+--------+
         Total |    433 |    402 |     31 |    259 |     63 |   3 |  144.3 |
       Dungeon |    433 |    402 |     31 |    259 |     63 |   3 |  144.3 |
               +--------+--------+--------+--------+--------+-----+--------+

Top non-repeatable levels by time:
     D:5: 376 daAuts
     D:6: 32 daAuts
     D:4: 24 daAuts
